 Dungeon Crawl Stone Soup version 0.25-a0-843-g6944ee3 (webtiles) character file.

Game seed: 13682016988828208684, levelgen mode: deterministic

37 Faca the Skirmisher (level 3, -10/42 HPs)
             Began as an Ogre Fighter on Apr 25, 2020.
             Mangled by a gnoll
             ... wielding a +0 flail
              (12 damage)
             ... on level 2 of the Dungeon.
             The game lasted 00:01:31 (1007 turns).

Faca the Skirmisher (Ogre Fighter)                  Turns: 1007, Time: 00:01:32

Health: -10/42     AC:  3    Str: 21    XL:     3   Next: 41%
Magic:  3/3        EV:  8    Int:  9    God:
Gold:   61         SH:  9    Dex:  8    Spells: 2/2 levels left

rFire    . . .     SeeInvis .   a - +0 trident
rCold    . . .     Gourm    .   c - +1 kite shield
rNeg     . . .     Faith    .   b - +0 robe
rPois    .         Spirit   .   (helmet restricted)
rElec    .         Reflect  .   (no cloak)
rCorr    .         Harm     .   (gloves unavailable)
MR       .....                  (boots unavailable)
Stlth    +.........             (no amulet)
HPRegen  0.14/turn              (no ring)
MPRegen  0.08/turn              (no ring)

@: no status effects
A: large, unfitting armour, tough skin 1
a: no special abilities


You were on level 2 of the Dungeon.
You were not hungry.

You visited 1 branch of the dungeon, and saw 2 of its levels.

You collected 61 gold pieces.

Inventory:

Hand Weapons
 a - a +0 trident (weapon)
Missiles
 e - 8 boomerangs (quivered)
 g - 26 poisoned darts
Armour
 b - a +0 robe (worn)
 c - a +1 kite shield (worn)
Potions
 d - a potion of might
 i - a potion of curing
 j - a potion of haste {unknown}
Comestibles
 f - 4 rations


   Skills:
 + Level 5.0 Fighting
 + Level 3.0 Polearms
 - Level 2.6 Dodging
 - Level 2.6 Shields


You had 2 spell levels left.
You didn't know any spells.
Your spell library was empty.

Dungeon Overview and Level Annotations

Branches:
Dungeon (2/15)

Altars:


Innate Abilities, Weirdness & Mutations

You are too large for most types of armour.
You have tough skin. (AC +1)


Message History

You reach to attack!
You puncture the gnoll!
The gnoll is severely wounded.
Attack whom?
Press: ? - help, Dir - move target cursor, f/p - gnoll
Aim: a gnoll, wielding a +0 halberd (severely wounded)
You reach to attack!
Your shield prevents you from hitting the gnoll.
The gnoll is severely wounded.
The gnoll hits you from afar with a +0 halberd!
You are too injured to fight recklessly!
You are too injured to fight recklessly!
The gnoll hits you from afar with a +0 halberd!
* * * LOW HITPOINT WARNING * * *
You see here a goblin corpse.
The gnoll hits you from afar with a +0 halberd.
* * * LOW HITPOINT WARNING * * *
A jackal comes into view.
Found 6 large rocks.
The gnoll hits you with a +0 flail!
You die...

... #. .. ... h###
...###.##...#
...#........#
#(.........##.#
#...........
#.......# #.†gg@<.#
#..†##### #.### #
##..######
#.#........#
#.....###### #
#.....# ....###
#.....#### #####...#.
#..###....###........


You could see 2 gnolls and a jackal (wandering).

Vanquished Creatures
  A gnoll (D:2)
  10 goblins
  4 hobgoblins (D:1)
  2 kobolds (D:1)
  A ball python (D:1)
  3 bats (D:1)
  3 rats
24 creatures vanquished.

Notes
Turn   | Place    | Note
-------+----------+-------------------------------------------
     0 | D:1      | Faca the Ogre Fighter began the quest for the Orb.
     0 | D:1      | Reached XP level 1. HP: 24/24 MP: 1/1
   166 | D:1      | Reached XP level 2. HP: 33/33 MP: 2/2
   861 | D:1      | Reached XP level 3. HP: 26/41 MP: 3/3
  1000 | D:2      | Reached skill level 5 in Fighting
  1006 | D:2      | HP: 2/42 [gnoll/+0 halberd (4)]
  1007 | D:2      | Mangled by a gnoll

Levels and vault maps discovered:
D:1:      evilmike_arrival_come_back, layout_basic, chequers_mini_garden
D:2:      layout_rooms, first_ration, serial_forest, infiniplex_forest_split,
          infiniplex_forest_clump_medium, infiniplex_forest_lined_3_way,
          infiniplex_forest_clump_small, infiniplex_forest_clump_long, tgw_trog

Skill      XL: |  1  2  3 |
---------------+----------+-----
Fighting       | 5 |  5.0
Polearms       | 3 |  3.0
Dodging        | |  2.6
Shields        | |  2.6

Action                   || total
-------------------------++-------
Melee: Trident           ||    81
  Use: Scroll            ||     2
Armor: Robe              ||    12
Dodge: Dodged            ||    19
Block: Kite shield       ||    21

Table legend:
 A = Non-vault XP
 B = Vault XP
 C = Vault XP percentage of total XP
 D = Non-vault monster count
 E = Vault monster count
 F = Vault count percentage of total count
                 A         B        C        D         E       F
            +---------+---------+-------+---------+---------+-------
      Total |      54 |       0 |   0.0 |      24 |       0 |   0.0
            +---------+---------+-------+---------+---------+-------
        D:1 |      37 |       0 |   0.0 |      21 |       0 |   0.0
        D:2 |      17 |       0 |   0.0 |       3 |       0 |   0.0
            +---------+---------+-------+---------+---------+-------
